 Dungeon Crawl Stone Soup version 0.29.0-4-gdea44cf6ec (webtiles) character file.

Game seed: 3814613279487615114

15834 drpainis the Thaumaturge (level 12, -14/79 HPs)
             Began as a Djinni Fire Elementalist on Aug 27, 2022.
             Was a Believer of Makhleb.
             Demolished by a bog body (40 damage)
             ... on level 2 of the Lair of Beasts.
             The game lasted 00:33:36 (26043 turns).

drpainis the Thaumaturge (DjFE)                    Turns: 26043, Time: 00:33:37

Health: -14/79     AC: 10    Str:  3 (6)  XL:     12   Next: 62%
Gold:   745        EV: 18    Int: 22 (24) God:    Makhleb [**....] SH:  0 Dex: 19 (21)

rFire   + + .      SeeInvis +   B - +5 mace "Wopnefa" {holy, *Corrode Int+4 Dex+5}
rCold   x . .      Faith    .   (no shield)
rNeg    + . .      Spirit   .   a - +2 robe
rPois   ∞          Reflect  .   (no helmet)
rElec   .          Harm     .   s - +2 ratskin cloak {*Rats rPois rN+ Str-1 Int-1 Dex+1}
rCorr   .          Rampage  .   q - +2 pair of gloves
Will    +....                   (boots unavailable)
Stlth   +++.......              z - amulet of regeneration
HPRegen 1.03/turn               e - ring of wizardry
MPRegen 0.00/turn               t - ring of see invisible

@: flying, slowed, very slow
A: sickness immunity, fire resistance 2, cold vulnerability 1, float, innate
caster, HP casting, extra vitality 1
a: Renounce Religion, Minor Destruction


You were on level 2 of the Lair of Beasts.
You worshipped Makhleb.
Makhleb was pleased with you.
You visited 3 branches of the dungeon, and saw 12 of its levels.
You also visited: Ice Cave.

You collected 745 gold pieces.

Inventory:

Hand Weapons
 b - a +0 spectral short sword
 c - a +2 vampiric dagger
 B - the +5 mace "Wopnefa" (weapon) {holy, *Corrode Int+4 Dex+5}
   (You found it on level 4 of the Dungeon)

   It has been blessed by the Shining One to cause great damage to the undead
   and demons.
   Int:       It affects your intelligence (+4).
   Dex:       It affects your dexterity (+5).
   *Corrode:  It may corrode you when you take damage.
 I - a +0 demon trident
 M - a +0 short sword
Missiles
 y - 3 throwing nets
Armour
 a - a +2 robe (worn)
 q - a +2 pair of gloves (worn)
 s - the +2 ratskin cloak (worn) {*Rats rPois rN+ Str-1 Int-1 Dex+1}
   (You found it on level 5 of the Dungeon)

   When the wearer is hurt, rats may emerge from it to assist them.
   Str:       It affects your strength (-1).
   Int:       It affects your intelligence (-1).
   Dex:       It affects your dexterity (+1).
   rPois:     It protects you from poison.
   rN:        It protects you from negative energy.
 F - a scarf of repulsion
Jewellery
 e - a ring of wizardry (left hand)
 t - a ring of see invisible (right hand)
 w - an amulet of magic regeneration
 x - a ring of fire
 z - an amulet of regeneration (around neck)
 E - a ring of poison resistance
 G - a +4 ring of protection
 H - a ring of wizardry
 J - a ring of resist corrosion
 W - a +6 ring of strength
Wands
 C - a wand of quicksilver (10)
 L - a wand of mindburst (5)
 U - a wand of flame (7)
 X - a wand of roots (2)
Scrolls
 f - 4 scrolls of teleportation
 h - 3 scrolls of enchant weapon
 j - a scroll of enchant armour
 k - 2 scrolls of poison
 v - a scroll of immolation
 D - 3 scrolls of fear
 O - 2 scrolls of noise {unknown}
 P - a scroll of magic mapping {unknown}
 Q - 2 scrolls of brand weapon
 R - 2 scrolls of identify
 S - a scroll of butterflies {unknown}
 T - a scroll of torment {unknown}
Potions
 d - 2 potions of berserk rage
 g - 2 potions of magic {unknown}
 i - 3 potions of flight {unknown}
 l - a potion of resistance {unknown}
 m - 5 potions of might {unknown}
 n - a potion of attraction {unknown}
 o - a potion of degeneration
 p - 3 potions of curing
 r - a potion of brilliance {unknown}
 A - 2 potions of lignification {unknown}
 K - 2 potions of invisibility {unknown}
 N - a potion of cancellation {unknown}
 V - a potion of mutation {unknown}


   Skills:
 + Level 4.6 Fighting
 + Level 2.0 Short Blades
 + Level 4.9 Maces & Flails
 + Level 9.3 Dodging
 + Level 5.2 Stealth
 + Level 11.9 Spellcasting


You had 8 spell levels left.
You knew the following spells:

 Your Spells              Type           Power      Damage    Failure   Level
a - Foxfire               Conj/Fire      100%       2x1d9     1%          1
b - Scorch                Fire           100%       2d10      1%          2
c - Conjure Flame         Conj/Fire      60%        6-21      1%          3
d - Inner Flame           Hex/Fire       60%        N/A       1%          3
e - Flame Wave            Conj/Fire      60%        2d14      1%          4
f - Sandblast             Erth           100%       2d20      1%          1
g - Blink                 Tloc           100%       N/A       1%          2
h - Frozen Ramparts       Ice            100%       1d16      1%          3
i - Spider Form           Tmut/Pois      60%        N/A       1%          3
j - Leda's Liquefaction   Hex/Erth       30%        N/A       1%          4
Your spell library was empty.

Dungeon Overview and Level Annotations

Branches:
Dungeon (9/15)             Temple (1/1) D:5            Lair (2/5) D:8
  Swamp (0/4) Lair:2        IceCv (visited)
  Snake: Lair:2-3    Spider: Lair:2-3       Orc: D:9-12

Altars:
Ashenzari
Dithmenos
Elyvilon
Fedhas
Gozag
Hepliaklqana
Makhleb
Nemelex Xobeh
Okawaru
Qazlal
Ru
Uskayaw
Wu Jian
Xom
Yredelemnul
Zin
The Shining One


Innate Abilities, Weirdness & Mutations

You are immune to sickness and miasma.
You are immune to poison.
Your flesh is very heat resistant. (rF++)
You are vulnerable to cold. (rC-)
You float through the air rather than walking.
You learn spells naturally, not from books.
Your magical power is your life essence.
You have superior vitality. (+4 MHP)


Message History

The bog body points at you and mumbles some strange words.
You feel as though you will be slow longer.
Your river rat seems to slow down.
The bog body casts a spell at you.
You feel as though you will be slow longer.
Casting: Foxfire (safe; 1% risk of failure)
Confirm with . or Enter, or press ? or * to list all spells.
You conjure some foxfire!
A bog body comes into view.
Unknown command.
Casting: Foxfire (safe; 1% risk of failure)
Confirm with . or Enter, or press ? or * to list all spells.
Okay, then.
Casting: Foxfire (safe; 1% risk of failure)
Confirm with . or Enter, or press ? or * to list all spells.
You blink.
The foxfire hits the bog body.
The bog body resists.
The bog body is severely damaged.
The foxfire hits the bog body.
The bog body resists.
The bog body is severely damaged.
Casting: Blink (safe; 1% risk of failure)
Confirm with . or Enter, or press ? or * to list all spells.
You conjure some foxfire!
Your river rat struggles to resist.
Unknown command.
Casting: Foxfire (safe; 1% risk of failure)
Confirm with . or Enter, or press ? or * to list all spells.
You conjure some foxfire!
The foxfire hits the bog body.
The bog body resists.
The bog body is severely damaged.
The foxfire hits the bog body.
The bog body resists.
The bog body is almost destroyed.
The foxfire hits the bog body.
The bog body resists.
The bog body is almost destroyed.
Casting: Foxfire (safe; 1% risk of failure)
Confirm with . or Enter, or press ? or * to list all spells.
You conjure some foxfire!
The foxfire hits the bog body.
The bog body resists.
The bog body is almost destroyed.
The bog body touches you! The bog body freezes you!!!
You feel a terrible chill!
Ouch! That really hurt!
You die...

..................#.#...##.#..###
...................#....###......
.....................#P.# .#....
..................P###..# ##..##
....§............### ##..# ..##
..rn§............## ..### #..#
..§r§.............# .... ...#
♣~.....n.......v.######..# #..#
§♣~........n..rn@#.P.....# #..#
§~~..[...........v.......# #.>#
§~§.............§.P###...# #..#
§~.§..............## #.÷.# #..#
..................####÷..## #..##
...................##P....###....
....................##...P##..#.#
........................P#...##
.............................#


You could see 2 bog bodies and a friendly river rat (slow).

Vanquished Creatures
  A hydra (Lair:1)
  3 two-headed ogres
  4 elephants
  A black mamba (Lair:1)
  4 cane toads
  2 polar bears
  A hornet (D:8)
  3 slime creatures
  Sigmund (D:2)
  2 wyverns
  A spriggan (Lair:1)
  A shadow (D:9)
  14 yaks
  2 steam dragons
  An acid dragon (D:8)
  3 water moccasins
  The ghost of oldmanjim the Ruffian, an amateur TrBe of Trog (D:4)
  4 black bears
  An ice beast (D:7)
  3 great orb of eyes simulacra (IceCv)
  A sky beast (D:7)
  4 ogres
  9 wolves (Lair:1)
  2 phantoms
  4 centaurs
  2 slime creature simulacra (IceCv)
  A kobold brigand (D:8)
  6 bullfrogs
  A necrophage (D:3)
  A glowing shapeshifter simulacrum (IceCv)
  A scorpion (D:7)
  A water moccasin zombie (D:5)
  8 wights
  17 killer bees
  2 electric eels (Lair:1)
  3 howler monkeys (D:7)
  2 bullfrog zombies (D:5)
  2 jellies (D:5)
  A centaur zombie (D:5)
  A hound (D:4)
  5 orc priests
  2 gnoll boudas (D:6)
  3 orc wizards
  A scorpion zombie (D:5)
  2 shapeshifter simulacra (IceCv)
  17 gnolls
  6 adders
  3 ufetubi
  2 worms
  7 dart slugs
  20 orcs
  4 ball pythons
  9 endoplasms
  4 giant cockroaches
  2 goblins
  5 hobgoblins
  3 quokkas
  9 bats
  A frilled lizard (D:2)
  18 kobolds
  5 rats
250 creatures vanquished.

Vanquished Creatures (collateral kills)
  A black mamba (Lair:1)
  A yak (Lair:2)
  A water moccasin (D:5)
  A kobold brigand (D:8)
  A killer bee (D:7)
  2 kobolds (D:8)
  A foxfire (Lair:2)
8 creatures vanquished.

Vanquished Creatures (others)
  788 foxfires
  9 fungi
  36 plants
833 creatures vanquished.

Grand Total: 1091 creatures vanquished

Notes
Turn   | Place    | Note
-------+----------+-------------------------------------------
     0 | D:1      | drpainis the Djinni Fire Elementalist began the quest for
                  | the Orb.
     0 | D:1      | drpainis set off with the following spells memorised:
                  | Foxfire, Scorch, Conjure Flame, Inner Flame, Flame Wave.
     0 | D:1      | Reached XP level 1. HP: 15/15 MP: 0/0
    31 | D:1      | Found a faded altar of an unknown god.
   343 | D:1      | Reached XP level 2. HP: 22/22 MP: 0/0
   940 | D:1      | Reached XP level 3. HP: 24/26 MP: 0/0
   940 | D:1      | Learned a level 1 spell: Sandblast
  1459 | D:2      | Reached skill level 3 in Spellcasting
  2256 | D:2      | Noticed Sigmund
  2853 | D:2      | Reached XP level 4. HP: 23/31 MP: 0/0
  3805 | D:2      | Killed Sigmund
  3806 | D:2      | Reached skill level 1 in Fighting
  3806 | D:2      | Reached skill level 1 in Short Blades
  3806 | D:2      | Reached XP level 5. HP: 29/37 MP: 0/0
  3806 | D:2      | Learned a level 2 spell: Blink
  3806 | D:2      | Reached XP level 6. HP: 33/42 MP: 0/0
  4281 | D:3      | Found a hide-covered altar of Uskayaw.
  4652 | D:3      | Reached skill level 4 in Spellcasting
  5701 | D:4      | Found a large runed translucent door.
  5701 | D:4      | Found a large runed translucent door.
  5704 | D:4      | Noticed oldmanjim's ghost (amateur TrBe)
  5810 | D:4      | Reached XP level 7. HP: 44/47 MP: 0/0
  5810 | D:4      | Learned a level 3 spell: Frozen Ramparts
  6031 | D:4      | Found an iron altar of Okawaru.
  6323 | D:4      | Identified the +5 mace "Wopnefa" {holy, *Corrode Int+4
                  | Dex+5}
  6983 | D:4      | Killed oldmanjim's ghost
  7640 | D:5      | Entered Level 5 of the Dungeon
  7808 | D:5      | Reached skill level 5 in Spellcasting
  7808 | D:5      | Reached XP level 8. HP: 53/53 MP: 0/0
  8122 | D:5      | Found a shadowy altar of Dithmenos.
  8782 | D:5      | Found a basalt altar of Yredelemnul.
  9305 | D:5      | Found a staircase to the Ecumenical Temple.
  9344 | Temple   | Entered the Ecumenical Temple
  9344 | Temple   | Found a transporter.
  9344 | Temple   | Found a transporter.
  9346 | Temple   | Found a transporter.
  9346 | Temple   | Found a transporter.
  9809 | Temple   | Became a worshipper of Makhleb the Destroyer
  9837 | D:5      | Noticed a yak
  9842 | D:5      | Killed a yak
  9843 | D:5      | Reached skill level 6 in Spellcasting
  9984 | D:5      | Noticed a yak
  9984 | D:5      | Noticed a yak
  9984 | D:5      | Noticed a yak
  9985 | D:5      | Noticed a yak
  9997 | D:5      | Killed a yak
  9998 | D:5      | Reached skill level 1 in Maces & Flails
  9998 | D:5      | Reached XP level 9. HP: 58/58 MP: 0/0
  9998 | D:5      | Learned a level 3 spell: Spider Form
 10001 | D:5      | Reached skill level 5 in Dodging
 10016 | D:5      | Reached skill level 7 in Spellcasting
 10275 | D:5      | Found a stormy altar of Qazlal.
 10662 | D:5      | Found the +2 ratskin cloak {*Rats rPois rN+ Str-1 Int-1
                  | Dex+1}
 12753 | D:6      | Reached XP level 10. HP: 51/67 MP: 0/0
 12773 | D:6      | Reached * piety under Makhleb
 12807 | D:6      | Reached skill level 8 in Spellcasting
 15240 | D:7      | Found an opulent altar of Gozag.
 16560 | D:8      | Noticed a two-headed ogre
 16567 | D:8      | Killed a two-headed ogre
 16568 | D:8      | Reached skill level 9 in Spellcasting
 16816 | D:8      | Noticed a two-headed ogre
 16857 | D:8      | Killed a two-headed ogre
 16858 | D:8      | Reached XP level 11. HP: 31/73 MP: 0/0
 16858 | D:8      | Learned a level 4 spell: Leda's Liquefaction
 17216 | D:8      | Found a shimmering altar of Xom.
 17625 | D:8      | Found a staircase to the Lair.
 17625 | D:8      | Noticed an elephant
 17652 | D:7      | Reached skill level 5 in Stealth
 17932 | D:8      | Killed an elephant
 19117 | Lair:1   | Entered Level 1 of the Lair of Beasts
 19134 | Lair:1   | Noticed an elephant
 19139 | Lair:1   | Noticed an elephant
 19147 | Lair:1   | Noticed an elephant
 19162 | Lair:1   | Killed an elephant
 19163 | Lair:1   | Reached skill level 10 in Spellcasting
 19252 | D:8      | Killed an elephant
 19254 | D:8      | Killed an elephant
 19941 | D:9      | Noticed a two-headed ogre
 19950 | D:9      | Killed a two-headed ogre
 20782 | D:9      | Found a broken altar of Ashenzari.
 20816 | D:9      | Reached ** piety under Makhleb
 21414 | Lair:1   | Noticed a six-headed hydra
 21441 | Lair:1   | Killed a six-headed hydra
 21461 | Lair:1   | Reached skill level 11 in Spellcasting
 21958 | Lair:1   | Reached XP level 12. HP: 50/79 MP: 0/0
 23576 | Lair:2   | Found a frozen archway.
 23615 | IceCv    | Entered an ice cave
 26022 | Lair:2   | Found a staircase to the Swamp.
 26043 | Lair:2   | Demolished by a bog body

Illustrated notes

Levels and vault maps discovered:
D:1:      lightli_molten_gateway, layout_loops_corners,
          ebering_ecumenical_altar_abandoned, serial_bayou_crossing
D:2:      minmay_recursive_quarters, layout_basic, serial_curves,
          eino_curves_04, eino_curves_01, grunt_ministairs_2,
          lightli_corner_chamber, uniq_sigmund
D:3:      layout_basic, eat_drink_and_be_merry_uskayaw
D:4:      layout_basic, okawaru_ov_weapons_minmay, ebering_ghost_disaster_area
D:5:      layout_loops_cross, nicolae_qazlal_general_emergency,
          nicolae_yredelemnul_corpse_copse, mainiacjoe_overflow_24_doors,
          minmay_temple_entry_slanted
D:6:      layout_loops_ring
D:7:      layout_basic, lemuel_crystal_altar, hangedman_abyss_or_decor_stagger
D:8:      layout_basic, tgw_xom, mainiacjoe_overflow_alcove_2,
          david_lair_generic
D:9:      layout_long_grid, nicolae_ashenzari_skybound
Temple:   hellmonk_temple_divided_pantheon
Lair:1:   layout_gridlike, grunt_forest_large_clearing_hut, grunt_megastairs_3
Lair:2:   layout_small_grid, skrybe_swamp_entry_bodies,
          portal_ice_cave_entry_pillars_2, enter_volcano_1,
          gammafunk_ghost_abyssal_escape, pond, serial_bayou_shore_a,
          serial_bayou_shore_b, lemuel_fruit_fields

Skill      XL: |  1  2  3  4  5  6  7  8  9 10 11 12 |
---------------+-------------------------------------+-----
Spellcasting   | 3 4 5 6 7 9 11 | 11.9
Fighting       | 1 2 3 4 |  4.6
Short Blades   | 1 2 |  2.0
Dodging        | 3 4 5 7 8 9 |  9.3
Stealth        | 2 3 4 5 |  5.2
Maces & Flails | 1 2 3 4 |  4.9

Action                   |  1- 3 |  4- 6 |  7- 9 | 10-12 || total
-------------------------+-------+-------+-------+-------++-------
Melee: Dagger            |    40 |    36 |     4 |       ||    80
       Short sword       |     2 |       |       |       ||     2
       Mace              |       |       |    22 |   114 ||   136
       Punch             |       |       |       |     1 ||     1
 Cast: Foxfire           |    43 |    57 |   126 |   291 ||   517
       Scorch            |       |     1 |       |       ||     1
       Frozen Ramparts   |       |       |    12 |     9 ||    21
       Blink             |       |       |     8 |    41 ||    49
       Sandblast         |       |       |     8 |     5 ||    13
       Conjure Flame     |       |       |     2 |       ||     2
       Flame Wave        |       |       |     5 |   109 ||   114
       Leda's Liquefacti |       |       |       |    11 ||    11
       Inner Flame       |       |       |       |     1 ||     1
  Use: Scroll            |       |       |    12 |     5 ||    17
       Potion            |       |       |     1 |     6 ||     7
 Stab: Sleeping          |     1 |     1 |     1 |       ||     3
Armor: Robe              |    10 |     7 |    29 |   114 ||   160
Dodge: Dodged            |    36 |    24 |    81 |   354 ||   495
